 Dungeon Crawl Stone Soup version 0.19.0-16-g73b5abf (webtiles) character file.

13912 aggelon the Thrower (level 11, -9/101 HPs)
             Began as a Troll Berserker on Nov 7, 2016.
             Was a Priest of Trog.
             Mangled by an orc warrior
             ... wielding a +0 trident
             ... led by an orc knight
              (30 damage)
             ... on level 1 of the Orcish Mines on Nov 10, 2016.
             The game lasted 02:22:31 (14878 turns).

aggelon the Thrower (Troll Berserker)              Turns: 14878, Time: 02:22:31

Health: -9/101     AC:  8    Str: 27    XL:     11   Next: 81%
Magic:  10/10      EV: 12    Int:  4    God:    Trog [***...]
Gold:   692        SH:  3    Dex: 11    Spells: 0 memorised, 10 levels left

rFire  . . .     SeeInvis +       - Unarmed
rCold  . . .     Gourm    +     a - +2 animal skin
rNeg   . . .     Faith    .     (no shield)
rPois  +         Spirit   .     (helmet restricted)
rElec  .         Reflect  +     z - +0 cloak of Pego Jeari {rCorr Slay+2}
rCorr  +         Harm     .     (gloves unavailable)
MR     .....                    (boots unavailable)
Stlth  +.........               E - +3 amulet of reflection
                                (no ring)
                                k - ring of poison resistance

@: exhausted, very slightly contaminated, slowed, drained, very slow
A: unfitting armour, claws 3, see invisible, fast metabolism 3, gourmand,
regeneration 1, shaggy fur 1, tough skin 2
a: Berserk, Trog's Hand, Burn Spellbooks, Renounce Religion


You were on level 1 of the Orcish Mines.
You worshipped Trog.
Trog was most pleased with you.
You were not hungry.

You visited 4 branches of the dungeon, and saw 15 of its levels.
You also visited: Bailey.

You collected 1221 gold pieces.
You spent 529 gold pieces at shops.

Inventory:

Hand Weapons
 q - a +0 giant club of flaming
Missiles
 d - 180 stones (quivered)
 y - 5 poisoned javelins
 D - a throwing net
 H - 6 javelins of returning
Armour
 a - a +2 animal skin (worn)
 z - the +0 cloak of Pego Jeari (worn) {rCorr Slay+2}
   (You found it on level 8 of the Dungeon)

   It affects your accuracy and damage with ranged weapons and melee attacks
   (+2).
   It protects you from acid and corrosion.
 G - a +0 troll leather armour
Jewellery
 k - a ring of poison resistance (left claw)
 E - a +3 amulet of reflection (around neck)
Wands
 e - a wand of paralysis (2/24)
 j - a wand of lightning (8/15)
 v - a wand of slowing (21/48)
 A - a wand of iceblast (5/15)
 C - a wand of paralysis (1/24)
 F - a wand of iceblast (7/15)
Scrolls
 f - 3 scrolls of remove curse
 n - 4 scrolls of fear
 o - a scroll of enchant weapon
 r - 2 scrolls of teleportation
 t - a scroll of noise
Potions
 h - 4 potions of brilliance
 m - 8 potions of curing
 s - a potion of agility
 u - a potion of flight
 x - a potion of magic
 B - a potion of haste
Comestibles
 b - 10 bread rations
 c - 16 chunks of flesh
 g - 6 meat rations
 i - 5 beef jerkies
 w - 10 royal jellies


   Skills:
 + Level 4.4(4.0) Fighting
 * Level 5.5(5.1) Maces & Flails
 * Level 11.6(11.2) Throwing
 + Level 6.7(6.4) Dodging
 - Level 10.0(9.6) Unarmed Combat


You had 10 spell levels left.
You didn't know any spells.

Dungeon Overview and Level Annotations

Branches:
Dungeon (11/15)            Temple (1/1) D:6            Lair (1/6) D:10
    Orc (2/2) D:11
    Elf: Orc:2

Altars:
Cheibriados
Fedhas
Gozag
Nemelex Xobeh
Beogh

Shops:
D:5 (   D:6 [   D:7 !   D:10 **

Annotations:
Lair:1 exclusion: oklob plant


Innate Abilities, Weirdness & Mutations

You are too large for most types of armour.
You have claws for hands.
Your metabolism is lightning-fast.
You like to eat raw meat.
Your natural rate of healing is unusually fast.
You are covered in fur. (AC +1)
You have very tough skin. (AC +2)
You have supernaturally acute eyesight. (SInv)


Message History

The orc knight roars a battlecry!
The orc warrior goes into a battle-frenzy!
The orc knight hits you with a dire flail of draining!
* * * LOW HITPOINT WARNING * * *
You feel drained.
* * * LOW HITPOINT WARNING * * *
Okay, then.
You mangle the orc knight!! You claw the orc knight!
The orc knight is heavily wounded.
The orc knight barely misses you.
You scratch the orc knight.
The orc knight is heavily wounded.
The orc warrior hits you from afar with a trident.
* * * LOW HITPOINT WARNING * * *
The orc knight closely misses you.
You scratch the orc knight.
The orc knight is heavily wounded.
The orc warrior closely misses you.
The orc warrior hits you from afar with a trident!!
You die...

##### ##.#.#
#...####
###......# ##
#.......##### #
##.##....#......##
#
#......o@##oo....#
#
#..>..o###......#
#
##.#..o.###.o..##
# ###.....o....##
#....o...###
##..$....#
##......# #
##.#....# #
#####...#


You could see an orc knight and 2 orc warriors.

Vanquished Creatures
  Harold (D:11)
  Erica (D:8)
  2 hill giants
  Pikel (D:9)
  An orc sorcerer (Orc:2)
  Joseph (D:7)
  5 trolls
  A two-headed ogre (D:8)
  3 slime creatures (D:10)
  Sigmund (D:4)
  3 yaks (D:11)
  A hog (shapeshifter) (D:11)
  A warg (D:11)
  Menkaure (D:4)
  12 orc warriors
  6 sky beasts
  2 black bears (D:10)
  5 ice beasts
  2 phantoms
  11 ogres
  4 centaurs
  4 big kobolds
  5 bullfrogs
  5 gnoll sergeants
  4 scorpions
  4 wights (D:6)
  2 howler monkeys
  A bullfrog zombie (D:6)
  A centaur zombie (D:4)
  10 crimson imps
  5 hounds
  11 orc priests
  20 orc wizards
  A quasit (D:11)
  An iron imp (D:5)
  6 jellies
  A bullfrog skeleton (D:10)
  A centaur skeleton (D:11)
  A gnoll shaman (D:11)
  5 iguanas
  Jessica (D:2)
  Ijyb (D:2)
  7 worker ants
  A killer bee zombie (D:5)
  2 hound skeletons
  Robin (D:4)
  20 gnolls
  8 adders
  A river rat (D:10)
  5 shadow imps
  5 oozes (D:8)
  An adder zombie (D:5)
  An adder skeleton (D:9)
  A worm (D:3)
  2 dart slugs
  3 leopard geckos
  64 orcs
  5 ball pythons
  6 giant cockroaches
  17 goblins
  4 hobgoblins
  7 jackals
  14 kobolds
  6 quokkas
  9 bats
  2 frilled lizards
  A jackal zombie (D:8)
  2 leopard gecko skeletons
  A quokka skeleton (D:5)
  A quokka zombie (D:6)
  12 rats
364 creatures vanquished.

Vanquished Creatures (others)
  A jelly (D:9)
  14 fungi (D:10)
15 creatures vanquished.

Grand Total: 379 creatures vanquished

Notes
Turn   | Place    | Note
-------+----------+-------------------------------------------
     0 | D:1      | aggelon the Troll Berserker began the quest for the Orb.
     0 | D:1      | Reached XP level 1. HP: 22/22 MP: 0/0
   147 | D:1      | Reached XP level 2. HP: 29/29 MP: 1/1
   416 | D:1      | Reached skill level 1 in Throwing
   877 | D:2      | Noticed Jessica
   902 | D:2      | Killed Jessica
   902 | D:2      | Reached skill level 2 in Throwing
   902 | D:2      | Reached XP level 3. HP: 27/36 MP: 2/2
  1245 | D:2      | Reached ** piety under Trog
  1245 | D:2      | Reached XP level 4. HP: 43/44 MP: 3/3
  1605 | D:2      | You fall through a shaft for 2 floors!
  1615 | D:4      | Reached skill level 3 in Throwing
  2030 | D:3      | Reached XP level 5. HP: 50/50 MP: 4/4
  2063 | D:2      | Noticed Ijyb
  2075 | D:2      | Paralysed by Ijyb for 5 turns
  2082 | D:2      | Killed Ijyb
  2207 | D:2      | Gained mutation: You have supernaturally acute eyesight. (SInv) [potion of beneficial mutation]
  2654 | D:3      | Found a sparkling altar of Nemelex Xobeh.
  2936 | D:4      | Noticed an ogre
  2984 | D:4      | Killed an ogre
  2984 | D:4      | Reached skill level 4 in Throwing
  2984 | D:4      | Reached XP level 6. HP: 30/59 MP: 5/5
  3087 | D:4      | Noticed Menkaure
  3107 | D:4      | Killed Menkaure
  3154 | D:4      | Reached skill level 5 in Throwing
  3536 | D:4      | Reached XP level 7. HP: 48/66 MP: 6/6
  3733 | D:4      | Noticed Robin
  3755 | D:4      | Killed Robin
  3813 | D:4      | Noticed Sigmund
  3825 | D:4      | Killed Sigmund
  3825 | D:4      | Reached skill level 6 in Throwing
  4161 | D:5      | Entered Level 5 of the Dungeon
  4575 | D:5      | Reached XP level 8. HP: 74/74 MP: 7/7
  4614 | D:5      | Gained mutation: You are clumsy. (Dex -2) [mutagenic meat]
  4667 | D:5      | Reached skill level 7 in Throwing
  4726 | D:5      | Found Wefaikeg's Antique Weapon Boutique.
  5342 | D:5      | Reached *** piety under Trog
  5348 | D:5      | Found a snail-covered altar of Cheibriados.
  5455 | D:5      | Reached skill level 5 in Unarmed Combat
  5764 | D:6      | Reached skill level 8 in Throwing
  5895 | D:6      | Reached XP level 9. HP: 75/81 MP: 8/8
  5989 | D:6      | Found a blossoming altar of Fedhas.
  6000 | D:6      | Found a staircase to the Ecumenical Temple.
  6005 | Temple   | Entered the Ecumenical Temple
  6205 | D:6      | Found Geus's Antique Armour Boutique.
  6291 | D:6      | Noticed a troll
  6334 | D:6      | Killed a troll
  6481 | D:6      | Reached skill level 9 in Throwing
  6568 | D:6      | Gained mutation: You expend magic power (3 MP) to strengthen your wands. [mutagenic meat]
  6569 | D:6      | Gained mutation: You possess an exceptional clarity of mind. [mutagenic meat]
  6834 | D:7      | Reached skill level 5 in Dodging
  6837 | D:7      | Noticed Joseph
  6857 | D:7      | Killed Joseph
  7331 | D:7      | Found Rizubeju's Distillery.
  7399 | D:7      | Reached XP level 10. HP: 90/92 MP: 9/9
  7469 | D:7      | Bought a potion of cure mutation for 275 gold pieces
  7469 | D:7      | Bought a potion of flight for 33 gold pieces
  7469 | D:7      | Lost mutation: You are clumsy. (Dex -2) [potion of cure mutation]
  7469 | D:7      | Lost mutation: You possess an exceptional clarity of mind. [potion of cure mutation]
  7469 | D:7      | Lost mutation: You expend magic power (3 MP) to strengthen your wands. [potion of cure mutation]
  8732 | D:8      | Reached skill level 10 in Throwing
  9099 | D:8      | Received a gift from Trog
  9167 | D:8      | Noticed Erica
  9201 | D:8      | Killed Erica
  9450 | D:8      | Got an encrusted cloak
  9451 | D:8      | Identified the +0 cloak of Pego Jeari {rCorr Slay+2} (You found it on level 8 of the Dungeon)
  9725 | D:8      | Upgraded the game from 0.19.0-9-gfd783f2 to 0.19.0-11-g3fc08b3
  9831 | D:9      | Found an opulent altar of Gozag.
 10188 | D:9      | Received a gift from Trog
 10343 | D:9      | Noticed Pikel
 10354 | D:9      | Killed Pikel
 10633 | D:10     | Entered Level 10 of the Dungeon
 10680 | D:10     | Found a staircase to the Lair.
 10683 | D:10     | Found Guusm's Assorted Antiques.
 10691 | D:10     | Bought a scroll of magic mapping for 91 gold pieces
 10691 | D:10     | Bought a dented beryl amulet for 130 gold pieces
 10783 | D:10     | Found a flagged portal.
 10795 | Bailey   | Entered a bailey
 11090 | D:10     | Reached skill level 11 in Throwing
 11133 | D:10     | Reached XP level 11. HP: 81/98 MP: 10/10
 11267 | D:10     | Found Kier's Elemental Accessories.
 11319 | D:10     | Reached skill level 10 in Unarmed Combat
 11958 | D:10     | Noticed a hill giant
 11971 | D:10     | Killed a hill giant
 12256 | D:10     | Found a sparkling altar of Nemelex Xobeh.
 12432 | D:11     | Noticed a hill giant
 12444 | D:11     | Killed a hill giant
 12444 | D:11     | Reached skill level 1 in Maces & Flails
 13110 | D:11     | Reached **** piety under Trog
 13219 | D:11     | Noticed Harold
 13233 | D:11     | Killed Harold
 13646 | D:11     | Noticed a white ugly thing
 13843 | Lair:1   | Entered Level 1 of the Lair of Beasts
 13843 | Lair:1   | Noticed an oklob plant
 13843 | Lair:1   | Noticed a five-headed hydra
 13915 | D:11     | Found a staircase to the Orcish Mines.
 13929 | Orc:1    | Entered Level 1 of the Orcish Mines
 14182 | D:11     | Upgraded the game from 0.19.0-11-g3fc08b3 to 0.19.0-16-g73b5abf
 14634 | Orc:2    | Entered Level 2 of the Orcish Mines
 14634 | Orc:2    | Found a roughly hewn altar of Beogh.
 14637 | Orc:2    | Reached skill level 5 in Maces & Flails
 14746 | Orc:2    | Received a gift from Trog
 14850 | Orc:1    | Noticed an orc knight
 14850 | Orc:1    | Noticed an orc sorcerer
 14856 | Orc:2    | Killed an orc sorcerer
 14878 | Orc:1    | Mangled by an orc warrior

Skill      XL: |  1  2  3  4  5  6  7  8  9 10 11 |
---------------+----------------------------------+-----
Throwing       | 2 3 4 5 6 8 9 11 | 11.6
Dodging        | 3 4 5 6 |  6.7
Unarmed Combat | 4 5 7 9 10 | 10.0
Fighting       | 3 4 |  4.4
Maces & Flails | 5 |  5.5

Action                   |  1- 3 |  4- 6 |  7- 9 | 10-12 || total
-------------------------+-------+-------+-------+-------++-------
Melee: Unarmed           |    13 |    72 |   307 |   338 ||   730
       Punch             |       |       |     6 |    23 ||    29
       Giant club        |       |       |       |   186 ||   186
Throw: Stone             |   190 |   190 |   296 |   219 ||   895
Invok: Trog's Hand       |       |     4 |    16 |    35 ||    55
       Burn Spellbooks   |       |       |     1 |     2 ||     3
       Berserk           |       |       |       |     5 ||     5
  Use: Scroll            |     2 |     4 |     6 |    14 ||    26
       Potion            |     1 |     6 |     1 |     2 ||    10
 Stab: Distracted        |       |       |       |     1 ||     1
       Held in net/web   |       |       |       |     1 ||     1
  Eat: Chunk             |    14 |    22 |    46 |    79 ||   161
Armor: Animal skin       |    66 |    43 |   100 |   150 ||   359
Dodge: Dodged            |    78 |    82 |   175 |   324 ||   659
Block: Other             |       |       |       |    43 ||    43
       Reflection        |       |       |       |     1 ||     1
